 Dungeon Crawl Stone Soup version 0.25.1-2-g60ff931df9 (webtiles) character file.

Game seed: 14327197434211120286

393 H0rd4k the Charlatan (level 7, -3/51 HPs)
             Began as a Human Artificer on Sept 11, 2020.
             Killed by nerve-wracking pain
             ... invoked by a shadow imp
              (9 damage)
             ... on level 5 of the Dungeon.
             The game lasted 00:06:27 (5296 turns).

H0rd4k the Charlatan (Human Artificer)              Turns: 5296, Time: 00:06:28

Health: -3/51      AC: 11    Str: 14    XL:     7   Next: 8%
Magic:  9/9        EV: 13    Int: 11    God:
Gold:   280        SH:  0    Dex: 14    Spells: 6/6 levels left

rFire    . . .     SeeInvis .   z - +1 rapier (protect)
rCold    . . .     Gourm    .   (no shield)
rNeg     . . .     Faith    .   b - +0 leather armour
rPois    +         Spirit   .   v - +0 helmet
rElec    .         Reflect  .   (no cloak)
rCorr    .         Harm     .   (no gloves)
MR       .....                  (no boots)
Stlth    +++.......             (no amulet)
HPRegen  0.17/turn              i - ring of stealth
MPRegen  0.11/turn              q - ring of poison resistance

@: protection aura
A: no striking features
a: no special abilities


You were on level 5 of the Dungeon.
You were not hungry.

You visited 1 branch of the dungeon, and saw 5 of its levels.

You collected 280 gold pieces.

Inventory:

Hand Weapons
 a - a +0 short sword
 x - a +0 dagger of speed
 z - a +1 rapier of protection (weapon)
Armour
 b - a +0 leather armour (worn)
 v - a +0 helmet (worn)
 C - a +0 pair of boots
Jewellery
 i - a ring of stealth (left hand)
 q - a ring of poison resistance (right hand)
Wands
 c - a wand of flame (3)
 d - a wand of enslavement (12)
 e - a wand of random effects (12)
Scrolls
 h - 6 scrolls of identify {unknown}
 j - 2 scrolls of remove curse {unknown}
 k - 3 scrolls of random uselessness {unknown}
 l - 3 scrolls of enchant weapon {unknown}
 p - 2 scrolls of teleportation {unknown}
 t - 2 scrolls of enchant armour {unknown}
 w - a scroll of magic mapping {unknown}
 y - 2 scrolls of noise {unknown}
 A - a scroll of fog {unknown}
 D - a scroll of fear {unknown}
Potions
 g - 2 potions of curing {unknown}
 m - 2 potions of brilliance {unknown}
 n - a potion of lignification {unknown}
 o - a potion of haste
 r - 2 potions of degeneration {unknown}
 s - a potion of invisibility {unknown}
 u - a potion of magic {unknown}
 E - a potion of mutation {unknown}
Comestibles
 f - 6 rations


   Skills:
 + Level 2.4 Fighting
 + Level 3.7 Short Blades
 + Level 2.6 Armour
 + Level 3.0 Dodging
 + Level 2.7 Stealth
 + Level 3.8 Evocations


You had 6 spell levels left.
You didn't know any spells.
Your spell library contained the following spells:

 Spells                   Type           Power        Failure   Level  Hunger
 Magic Dart               Conj           #...         41%         1    ##.....
 Blink                    Tloc           N/A          54%         2    ###....
 Call Imp                 Summ           #.......     54%         2    ###....
 Slow                     Hex            #.......     54%         2    ###....
 Conjure Flame            Conj/Fire      #.......     78%         3    ####...
 Mephitic Cloud           Conj/Pois/Air  #.......     78%         3    ####...


Dungeon Overview and Level Annotations

Branches:
Dungeon (5/15)
 Temple: D:4-7

Altars:
Ashenzari
Elyvilon
Trog
Xom
Zin

Shops:
D:4 ?

Annotations:
D:4 1 runed translucent door, teukkam's ghost, weakling TrMo
D:5 exclusion: sky beast


Message History

Your orc priest barely misses the orc.
The orc hits you with a +0 hand axe.
* * * LOW HITPOINT WARNING * * *
The orc hits your orc priest but does no damage. x2
Your orc priest misses the orc.
Your orc priest barely misses the orc.
The shadow imp misses you. The orc closely misses your orc priest.
The orc barely misses your orc priest.
Your orc priest barely misses the orc.
Things that are here:
a +0 whip; an orc corpse Your orc priest hits the orc with a +0 short sword.
The shadow imp closely misses you. The orc closely misses your orc priest.
The orc hits your orc priest but does no damage.
Your orc priest hits the orc but does no damage.
You hit the shadow imp.
The shadow imp is lightly wounded.
Your orc priest hits the orc with a +0 short sword.
The orc dies!
The shadow imp gestures at you. Pain shoots through your body!
You die...

.........#.............#
.........#.............#
.........#..............
........................
........................
.#####.........o).......
.....)..........o.......
.#####.........5).......
...#............@..###..
...#.....#.........#
...#.....###.##.......
...#.....# #............
...####...#####.......##
...# ..>.... #.........
... #...##. ..........
... ...... ...........
... ......


You could see a shadow imp and 2 friendly orc priests.

Vanquished Creatures
  An ogre (D:4)
  A scorpion (D:5)
  2 bullfrog skeletons
  An orc wizard (D:4)
  6 adders
  An ooze (D:2)
  An adder skeleton (D:4)
  5 worms
  A dart slug (D:1)
  7 orcs
  5 giant cockroaches
  7 goblins
  13 hobgoblins
  3 jackals (D:3)
  11 kobolds
  2 ball pythons
  8 bats
  6 frilled lizards
  15 rats
96 creatures vanquished.

Vanquished Creatures (collateral kills)
  An orc (D:5)
1 creature vanquished.

Grand Total: 97 creatures vanquished

Notes
Turn   | Place    | Note
-------+----------+-------------------------------------------
     0 | D:1      | H0rd4k the Human Artificer began the quest for the Orb.
     0 | D:1      | Reached XP level 1. HP: 15/15 MP: 3/3
     9 | D:1      | You fall into a shaft and drop 1 floor!
   118 | D:2      | Reached XP level 2. HP: 11/21 MP: 4/4
   531 | D:1      | Reached XP level 3. HP: 22/26 MP: 5/5
  1728 | D:2      | Reached XP level 4. HP: 28/32 MP: 6/6
  1734 | D:2      | Reached skill level 1 in Armour
  2484 | D:2      | Found a white marble altar of Elyvilon.
  2553 | D:2      | Reached XP level 5. HP: 29/37 MP: 7/7
  3592 | D:3      | Found a shattered altar of Ashenzari.
  3762 | D:3      | Found a shimmering altar of Xom.
  3762 | D:3      | Noticed an angel
  3764 | D:3      | Found a glowing silver altar of Zin.
  4226 | D:4      | Noticed an ogre
  4234 | D:4      | Killed an ogre
  4234 | D:4      | Reached XP level 6. HP: 44/44 MP: 8/8
  4512 | D:4      | Found Buce's Magic Scroll Boutique.
  4760 | D:4      | Noticed a moth of wrath
  4763 | D:4      | Found a bloodstained altar of Trog.
  4963 | D:4      | Found a runed translucent door.
  4965 | D:4      | Noticed teukkam's ghost (weakling TrMo)
  5206 | D:5      | Entered Level 5 of the Dungeon
  5213 | D:5      | Noticed a sky beast
  5273 | D:5      | Reached XP level 7. HP: 35/51 MP: 9/9
  5296 | D:5      | Killed from afar by a shadow imp

Illustrated notes

Levels and vault maps discovered:
D:1:      minmay_arrival_shattered_statue, layout_basic
D:2:      minmay_wonky_spiral, layout_rooms, old_standard_altar,
          wad_floor_pattern_untrapped, chequers_serial_rivers_small_a,
          minmay_pentomino_p4
D:3:      layout_loops_ring, grunt_temple_overflow_order_and_chaos_1,
          ashenzari_conservatory_becter, first_ration
D:4:      layout_basic, serial_shops, shop_scrolls, ebering_ghost_inner_flame,
          tgw_trog
D:5:      layout_basic, nicolae_overflow_hidden_temple

Skill      XL: |  1  2  3  4  5  6 |
---------------+-------------------+-----
Short Blades   | 2 3 |  3.7
Armour         | 1 2 |  2.6
Fighting       | 2 |  2.4
Stealth        | 2 |  2.7
Dodging        | 3 |  3.0
Evocations     | |  3.8

Action                   |  1- 3 |  4- 6 |  7- 9 || total
-------------------------+-------+-------+-------++-------
Melee: Short sword       |   147 |   137 |       ||   284
       Dagger            |       |   136 |       ||   136
       Rapier            |       |    14 |     5 ||    19
Evoke: Wand              |     1 |    14 |     3 ||    18
 Stab: Sleeping          |     1 |     8 |       ||     9
       Paralysed         |       |     2 |       ||     2
  Eat: Chunk             |     3 |     8 |       ||    11
       Ration            |       |     1 |       ||     1
Armor: Leather armour    |    24 |    39 |     3 ||    66
Dodge: Dodged            |   104 |   138 |    13 ||   255
